 Dungeon Crawl Stone Soup version 0.22-b1-26-g9dbaab1 (webtiles) character file.

69583 Gergoth the Scorcher (level 14, -5/88 HPs)
             Began as a Deep Elf Fire Elementalist on Aug 7, 2018.
             Was a High Priest of Sif Muna.
             Killed from afar by Frances (50 damage)
             ... with an iron shot
             ... on level 14 of the Dungeon.
             The game lasted 01:25:18 (31359 turns).

Gergoth the Scorcher (Deep Elf Fire Elementalist)  Turns: 31359, Time: 01:25:19

Health: -5/88      AC: 15    Str:  8    XL:     14   Next: 90%
Magic:  17/33      EV: 17    Int: 23    God:    Sif Muna [*****.]
Gold:   1240       SH:  0    Dex: 15    Spells: 5/39 levels left

rFire    . . .     SeeInvis +   R - +8 whip "Snakebite" {curare, rPois}
rCold    . . .     Gourm    .   (no shield)
rNeg     . . .     Faith    .   O - +0 steam dragon scales
rPois    +         Spirit   .   H - +1 helmet {SInv}
rElec    .         Reflect  .   G - +1 cloak
rCorr    .         Harm     .   h - +2 pair of gloves
MR       +....                  y - +2 pair of boots
Stlth    +++.......             (no amulet)
HPRegen  0.24/turn              S - -4 ring of slaying (curse)
MPRegen  0.23/turn              A - ring of stealth

@: divine energy
A: no striking features
a: Stop Divine Energy, Channel Magic, Forget Spell, Renounce Religion


You were on level 14 of the Dungeon.
You worshipped Sif Muna.
Sif Muna was extremely pleased with you.
You were near starving.

You visited 4 branches of the dungeon, and saw 22 of its levels.
You also visited: Volcano.

You collected 1324 gold pieces.
You spent 84 gold pieces at shops.

Inventory:

Hand Weapons
 a - the +11 whip of the Dozen Beggars {slash, rElec Str+3}
   (You took it off a crimson imp on level 12 of the Dungeon)

   It inflicts extra damage upon your enemies.
   It affects your strength (+3).
   It insulates you from electricity.
 R - the +8 whip "Snakebite" (weapon) {curare, rPois}
   (You found it on level 4 of the Lair of Beasts)

   It poisons the flesh of those it strikes.
   It protects you from poison.
 U - the +3 rapier of Iconoclasm {vamp, rC- rN+ Int+5}
   (You found it on level 6 of the Lair of Beasts)

   It inflicts no extra harm, but heals its wielder when it wounds a living foe.
   It affects your intelligence (+5).
   It makes you vulnerable to cold.
   It protects you from negative energy.
Missiles
 D - 14 throwing nets (quivered)
Armour
 f - a +2 helmet
 h - a +2 pair of gloves (worn)
 t - a +1 robe of magic resistance
 w - a +0 buckler
 y - a +2 pair of boots (worn)
 G - a +1 cloak (worn)
 H - a +1 helmet of see invisible (worn)
 O - +0 steam dragon scales (worn)
 Q - a +3 ring mail of fire resistance
Magical Staves
 B - an uncursed staff of cold
 L - an uncursed staff of power
Jewellery
 r - an uncursed ring of protection from fire
 v - a +3 ring of dexterity
 x - an uncursed amulet of faith
 A - a ring of stealth (right hand)
 I - an uncursed ring of positive energy
 S - a cursed -4 ring of slaying (left hand)
Wands
 b - a wand of clouds (19)
 E - a wand of polymorph (29)
 F - a wand of disintegration (19)
 J - a wand of acid (11)
Scrolls
 e - 5 scrolls of teleportation
 k - a scroll of magic mapping {unknown}
 q - 3 scrolls of identify
 s - 3 scrolls of blinking
 u - 6 scrolls of remove curse
 K - 3 scrolls of amnesia
Potions
 d - 2 potions of magic
 g - 2 potions of haste {unknown}
 i - 3 potions of resistance
 j - 2 potions of invisibility {unknown}
 l - 11 potions of curing
 m - 4 potions of ambrosia {unknown}
 o - 3 potions of flight {unknown}
 p - 4 potions of lignification {unknown}
 z - a potion of brilliance {unknown}
 N - 3 potions of agility {unknown}
 P - 4 potions of heal wounds {unknown}
Miscellaneous
 M - a box of beasts
Comestibles
 c - 32 rations


   Skills:
 - Level 10.0 Fighting
 - Level 7.4 Dodging
 - Level 2.4 Stealth
 + Level 3.5 Shields
 - Level 13.1 Spellcasting
 - Level 12.0 Conjurations
 - Level 16.0 Fire Magic
 - Level 8.0 Ice Magic
 - Level 6.3 Invocations


You had 5 spell levels left.
You knew the following spells:

 Your Spells              Type           Power        Failure   Level  Hunger
a - Flame Tongue          Conj/Fire      #####        0%          1    None
b - Blink                 Tloc           N/A          6%          2    None
c - Conjure Flame         Conj/Fire      ######..     1%          3    None
d - Sticky Flame          Conj/Fire      ######..     1%          4    None
e - Fireball              Conj/Fire      ######....   1%          5    ###....
f - Mephitic Cloud        Conj/Pois/Air  ####....     2%          3    None
g - Call Imp              Summ           ###.....     6%          2    None
h - Ignition              Fire           ######....   36%         8    #######
i - Bolt of Cold          Conj/Ice       ######....   11%         6    #####..

Your spell library contained the following spells:

 Spells                   Type           Power        Failure   Level  Hunger
 Cause Fear               Hex            ###.......   38%         4    None
 Magic Dart               Conj           ####         1%          1    None
 Bolt of Fire             Conj/Fire      ######....   1%          6    #####..
 Bolt of Magma            Conj/Fire/Erth ######....   2%          5    ###....
 Slow                     Hex            ###.....     6%          2    None
 Throw Flame              Conj/Fire      ######       1%          2    None
 Throw Frost              Conj/Ice       ######       1%          2    None
 Bolt of Draining         Conj/Necr      #####.....   10%         5    ###....
 Fire Storm               Conj/Fire      ######....   100%        9    #######
 Animate Dead             Necr           N/A          38%         4    None
 Pain                     Necr           ###.         4%          1    None
 Animate Skeleton         Necr           N/A          4%          1    None
 Vampiric Draining        Necr           ###.......   12%         3    None
 Freeze                   Ice            ####         1%          1    None
 Summon Ice Beast         Ice/Summ       ####....     8%          4    None
 Ozocubu's Armour         Chrm/Ice       ####....     2%          3    None
 Dispel Undead            Necr           ###.....     75%         5    ###....
 Regeneration             Chrm/Necr      ###.......   12%         3    None
 Sublimation of Blood     Necr           ###.......   6%          2    None
 Corpse Rot               Necr           N/A          6%          2    None
 Iron Shot                Conj/Erth      #####.....   47%         6    #####..
 Stone Arrow              Conj/Erth      #####.       1%          3    None
 Agony                    Necr           ###.....     75%         5    ###....
 Necromutation            Tmut/Necr      ###.......   100%        8    #######
 Throw Icicle             Conj/Ice       ######..     1%          4    None
 Corona                   Hex            ###....      4%          1    None
 Chain Lightning          Conj/Air       #####.....   100%        8    #######
 Excruciating Wounds      Chrm/Necr      ###.......   75%         5    ###....
 Portal Projectile        Hex/Tloc       ###...       12%         3    None
 Leda's Liquefaction      Hex/Erth       ###.......   38%         4    None
 Inner Flame              Hex/Fire       ######..     1%          3    None
 Borgnjor's Vile Clutch   Necr/Erth      ###.......   75%         5    ###....


Dungeon Overview and Level Annotations

Branches:
Dungeon (14/15)            Temple (1/1) D:6            Lair (6/6) D:11
  Swamp (0/4) Lair:2       Spider (0/4) Lair:3        Slime (0/5) Lair:5
    Orc (1/2) D:9          Vaults (0/5) D:13

Altars:
Ashenzari
Cheibriados
Dithmenos
Elyvilon
Fedhas
Gozag
Hepliaklqana
Kikubaaqudgha
Makhleb
Nemelex Xobeh
Okawaru
Qazlal
Ru
Sif Muna
Trog
Uskayaw
Vehumet
Wu Jian
Xom
Yredelemnul
Zin
The Shining One
Jiyva

Shops:
D:6 *   D:8 =   D:13 }*

Annotations:
D:14 Frances
Lair:1 1 runed door, Mawn's ghost, journeyman MiFi
Lair:3 exclusion: oklob plant
Lair:5 1 runed door
Orc:1 Snorg


Message History

You kill the centaur!
Sif Muna accepts your kill.
The fireball engulfs Frances.
Frances is moderately wounded.
The fireball engulfs the centaur.
You kill the centaur!
Sif Muna accepts your kill.
The fireball engulfs the centaur warrior.
The centaur warrior is severely wounded.
You are near starving!
You hear a roar!
You hear a horrible gurgling sound!
The centaur warrior closely misses you.
The centaur warrior hits you but does no damage.
The centaur warrior hits you! The acid dragon spits acid at you.
The splash of acid hits you!
You are splashed with acid!
The acid burns!
Frances mutters in a terrible tongue.
The iron shot hits you!
Ouch! That really hurt!
You die...

# # #. #
...##.#####.###
.....).c.(....D
.....@.@)...#
....F).)#####
........#
......###
....$. ......
..... #...#


You could see Frances, a centaur warrior, an acid dragon and a bullfrog.

Vanquished Creatures
  4 vault guards (D:13)
  12 hydras
  2 catoblepae
  Erica (Lair:2)
  2 two-headed ogres
  A death knight (D:11)
  A deep troll shaman (Lair:6)
  5 death yaks (Lair:6)
  A hell knight (Volcano)
  A fire crab (D:13)
  3 skeletal warriors
  An unseen horror (D:13)
  2 wizards (D:13)
  A phantasmal warrior (D:11)
  A lindwurm (Lair:4)
  A necromancer (D:13)
  An orc knight (D:9)
  2 ugly things
  2 orc sorcerers (Orc:1)
  2 cyclopes (D:13)
  11 elephants
  Maurice (D:12)
  A torpor snail (Lair:4)
  4 black mambas
  13 spiny frogs
  2 gargoyles
  A centaur skeleton (D:13)
  A smoke demon (Volcano)
  4 rime drakes
  3 komodo dragons
  A freezing wraith (D:11)
  A yaktaur (D:13)
  2 red devils (Volcano)
  2 trolls
  3 polar bears
  A merfolk (D:10)
  A queen bee (shapeshifter) (D:13)
  Grinder (D:5)
  12 hippogriffs
  7 slime creatures
  4 blink frogs (Lair:1)
  Sigmund (D:4)
  A spriggan (Lair:2)
  A shadow (D:11)
  3 wyverns
  31 yaks
  Grum (D:9)
  17 humans (D:13)
  2 wraiths (D:11)
  A basilisk (Lair:6)
  A hungry ghost (D:7)
  3 steam dragons (D:11)
  2 vampire mosquitoes (D:13)
  Edmund (D:5)
  A soldier ant (D:11)
  2 hell hounds (Volcano)
  12 water moccasins
  13 porcupines
  8 orc warriors
  4 black bears
  2 phantoms
  7 ice beasts
  3 sky beasts
  8 ogres
  12 wolves
  14 centaurs
  11 crocodiles
  3 big kobolds
  3 gnoll sergeants (D:9)
  9 bullfrogs
  5 scorpions
  A water moccasin zombie (D:6)
  25 killer bees
  9 wights
  2 electric eels (Lair:4)
  4 howler monkeys
  2 crimson imps
  3 bullfrog zombies
  19 hounds
  2 bullfrog skeletons
  12 orc priests
  3 gnoll shamans
  3 jellies
  9 orc wizards
  5 iguanas
  7 hell rats (Lair:3)
  11 worker ants
  A hound zombie (D:5)
  33 gnolls
  21 adders
  16 river rats (Lair:3)
  A shadow imp (D:6)
  2 oozes
  2 adder zombies
  3 worms
  3 dart slugs
  8 leopard geckos
  58 orcs
  2 bats (D:1)
  5 giant cockroaches
  6 goblins
  8 hobgoblins
  9 jackals
  9 quokkas
  2 ball pythons (D:4)
  5 frilled lizards
  A jackal skeleton (D:4)
  20 kobolds
  A quokka zombie (D:6)
  14 rats
  2 plants
653 creatures vanquished.

Vanquished Creatures (collateral kills)
  7 crimson imps
  A centaur skeleton (D:12)
8 creatures vanquished.

Vanquished Creatures (others)
  9 fungi
  5 plants
  7 toadstools (Lair:4)
21 creatures vanquished.

Grand Total: 682 creatures vanquished

Notes
Turn   | Place    | Note
-------+----------+-------------------------------------------
     0 | D:1      | Gergoth the Deep Elf Fire Elementalist began the quest for the Orb.
     0 | D:1      | Reached XP level 1. HP: 10/10 MP: 6/6
   236 | D:1      | Reached XP level 2. HP: 15/15 MP: 5/8
   686 | D:2      | Reached XP level 3. HP: 10/19 MP: 3/10
  1470 | D:2      | Learned a level 2 spell: Throw Flame
  1474 | D:2      | Learned a level 3 spell: Conjure Flame
  1530 | D:2      | Reached skill level 4 in Fire Magic
  1714 | D:2      | Reached XP level 4. HP: 24/24 MP: 7/12
  2097 | D:3      | Found a deep blue altar of Sif Muna.
  2105 | D:3      | Became a worshipper of Sif Muna the Loreminder
  2395 | D:3      | Learned a level 4 spell: Sticky Flame
  2712 | D:3      | Reached skill level 5 in Spellcasting
  2712 | D:3      | Reached XP level 5. HP: 28/28 MP: 6/14
  3323 | D:4      | Reached skill level 5 in Fire Magic
  3323 | D:4      | Reached XP level 6. HP: 32/32 MP: 10/16
  3439 | D:4      | Noticed Sigmund
  3475 | D:5      | Entered Level 5 of the Dungeon
  3558 | D:5      | Noticed an ice beast
  3564 | D:5      | Killed an ice beast
  3564 | D:5      | Reached * piety under Sif Muna
  3759 | D:5      | Reached XP level 7. HP: 36/36 MP: 1/18
  3918 | D:5      | Reached skill level 5 in Conjurations
  3918 | D:5      | Reached skill level 6 in Fire Magic
  4050 | D:5      | Noticed Edmund
  4312 | D:5      | Found a basalt altar of Yredelemnul.
  4425 | D:5      | Noticed Grinder
  4441 | D:5      | Killed Grinder
  4441 | D:5      | Reached ** piety under Sif Muna
  4441 | D:5      | Reached XP level 8. HP: 41/41 MP: 10/21
  4574 | D:5      | Killed Edmund
  4574 | D:5      | Reached skill level 7 in Fire Magic
  4933 | D:5      | HP: 2/41 [centaur (4)]
  5389 | D:5      | Found a white marble altar of Elyvilon.
  5762 | D:6      | Found a staircase to the Ecumenical Temple.
  5780 | Temple   | Entered the Ecumenical Temple
  5964 | D:6      | Found Kapp's Assorted Antiques.
  5970 | D:6      | Bought a scroll labeled KOLIGR XUMAHOWE for 28 gold pieces
  5970 | D:6      | Bought a scroll of identify for 56 gold pieces
  6269 | D:6      | Found a bloodstained altar of Trog.
  6272 | D:6      | Found a shimmering altar of Xom.
  6272 | D:6      | Found a stormy altar of Qazlal.
  6275 | D:6      | Found an ancient bone altar of Kikubaaqudgha.
  6281 | D:6      | Reached skill level 8 in Fire Magic
  6599 | D:4      | Learned a level 2 spell: Blink
  6605 | D:4      | Learned a level 5 spell: Fireball
  6609 | D:4      | Learned a level 3 spell: Mephitic Cloud
  6612 | D:4      | Learned a level 2 spell: Call Imp
  6636 | D:4      | Killed Sigmund
  6636 | D:4      | Reached *** piety under Sif Muna
  6636 | D:4      | Reached XP level 9. HP: 27/45 MP: 3/24
  7668 | D:7      | Reached skill level 10 in Spellcasting
  8081 | D:7      | Reached skill level 9 in Fire Magic
  8087 | D:7      | Reached **** piety under Sif Muna
  8730 | D:7      | Reached ***** piety under Sif Muna
  9296 | D:8      | Reached XP level 10. HP: 47/50 MP: 17/27
  9352 | D:8      | Identified Rievuep's Almanac of Fire and the Mountains (Sif Muna gifted it to you on level 8 of the Dungeon)
  9352 | D:8      | Received a gift from Sif Muna
  9573 | D:8      | Noticed a two-headed ogre
  9579 | D:8      | Killed a two-headed ogre
  9579 | D:8      | Reached skill level 10 in Fire Magic
  9822 | D:8      | Found Hyciux's Jewellery Emporium.
 10202 | D:9      | Found a staircase to the Orcish Mines.
 10556 | D:9      | Noticed Grum
 10559 | D:9      | Killed Grum
 10559 | D:9      | Reached skill level 10 in Conjurations
 11433 | Orc:1    | Entered Level 1 of the Orcish Mines
 11433 | Orc:1    | Noticed an orc knight
 11433 | Orc:1    | Noticed an orc sorcerer
 11436 | Orc:1    | Killed an orc sorcerer
 11436 | Orc:1    | Reached skill level 11 in Fire Magic
 11439 | Orc:1    | Noticed an orc sorcerer
 11676 | D:9      | Killed an orc knight
 11676 | D:9      | Identified Sif Muna's Incunabulum of Battle Magic and Dark Magic (Sif Muna gifted it to you on level 9 of the Dungeon)
 11676 | D:9      | Received a gift from Sif Muna
 11693 | D:9      | Learned a level 8 spell: Ignition
 11775 | Orc:1    | Noticed Snorg
 11776 | Orc:1    | Noticed an orc knight
 11779 | Orc:1    | Killed an orc sorcerer
 11779 | Orc:1    | Reached XP level 11. HP: 47/54 MP: 9/29
 11781 | Orc:1    | Noticed a two-headed ogre
 12104 | D:10     | Entered Level 10 of the Dungeon
 12557 | D:10     | Reached skill level 12 in Fire Magic
 13432 | D:11     | Noticed a four-headed hydra
 13440 | D:11     | Killed a four-headed hydra
 13440 | D:11     | Reached skill level 1 in Fighting
 13905 | D:11     | Identified Sif Muna's Disquisition on Doomed Combat Magic (Sif Muna gifted it to you on level 11 of the Dungeon)
 13905 | D:11     | Received a gift from Sif Muna
 14565 | D:11     | Reached skill level 13 in Fire Magic
 14649 | D:11     | Found a staircase to the Lair.
 14696 | D:11     | Noticed a phantasmal warrior
 14697 | D:11     | Noticed a death knight
 15947 | D:12     | Noticed Maurice
 15954 | D:12     | Killed Maurice
 15954 | D:12     | Reached XP level 12. HP: 67/67 MP: 21/30
 16074 | D:12     | Noticed a two-headed ogre
 16081 | D:12     | Killed a two-headed ogre
 16626 | D:13     | Noticed Nessos
 16629 | D:13     | Noticed Nessos
 16629 | D:13     | Nessos changed into Nessos the fire crab
 16634 | D:13     | Killed Nessos the fire crab
 16634 | D:13     | Reached skill level 5 in Fighting
 17332 | D:12     | Got a twisted whip {slash}
 17563 | D:13     | Noticed a vault guard
 17567 | D:13     | Killed a vault guard
 17567 | D:13     | Reached skill level 14 in Fire Magic
 18326 | D:11     | Killed a death knight
 18469 | Lair:1   | Entered Level 1 of the Lair of Beasts
 18501 | Lair:1   | Identified the +11 whip of the Dozen Beggars {slash, rElec Str+3} (You took it off a crimson imp on level 12 of the Dungeon)
 19066 | Lair:1   | Found a runed door.
 19067 | Lair:1   | Noticed Mawn's ghost (journeyman MiFi)
 19420 | Lair:2   | Noticed Erica
 19423 | Lair:2   | Killed Erica
 19582 | Lair:2   | Found a staircase to the Swamp.
 19869 | Lair:2   | Reached skill level 15 in Fire Magic
 20605 | Lair:3   | Found a hole to the Spider Nest.
 20700 | Lair:3   | Reached XP level 13. HP: 78/78 MP: 20/31
 20711 | Lair:3   | Received a gift from Sif Muna
 20721 | Lair:3   | Learned a level 6 spell: Bolt of Cold
 21732 | Lair:4   | Reached skill level 1 in Ice Magic
 21972 | Lair:4   | Found a dark tunnel.
 22068 | Volcano  | Entered a volcano
 22738 | Lair:4   | Reached skill level 5 in Ice Magic
 23127 | Lair:4   | Found a runed door.
 23240 | Lair:4   | Found a runed door.
 24563 | Lair:4   | Found the +8 whip "Snakebite" {curare, rPois}
 25145 | Lair:5   | Identified Sif Muna's Disquisition on Ignition (Sif Muna gifted it to you on level 5 of the Lair of Beasts)
 25145 | Lair:5   | Received a gift from Sif Muna
 25647 | Lair:5   | Found a runed door.
 25649 | Lair:5   | Found a viscous altar of Jiyva.
 25649 | Lair:5   | Noticed an azure jelly
 25649 | Lair:5   | Noticed an azure jelly
 25671 | Lair:5   | Noticed an azure jelly
 25690 | Lair:5   | Found a staircase to the Slime Pits.
 26073 | Lair:6   | Entered Level 6 of the Lair of Beasts
 26191 | Lair:6   | Reached skill level 16 in Fire Magic
 26591 | Lair:5   | Reached XP level 14. HP: 66/86 MP: 15/32
 26865 | Lair:6   | Reached skill level 10 in Fighting
 26900 | Lair:5   | Reached skill level 1 in Invocations
 27194 | Lair:6   | Got a scorched rapier
 27230 | Lair:6   | Identified the +3 rapier of Iconoclasm {vamp, rC- rN+ Int+5} (You found it on level 6 of the Lair of Beasts)
 28422 | Lair:6   | Reached skill level 5 in Dodging
 29458 | D:13     | Reached skill level 5 in Invocations
 29505 | D:12     | Reached skill level 1 in Shields
 30105 | D:13     | Paralysed by a wizard for 7 turns
 30332 | D:13     | Found an opulent altar of Gozag.
 30459 | D:13     | Found Gozag's Platinum Reserve.
 30710 | D:13     | Found a gate to the Vaults.
 31112 | D:13     | Found Lyevam's Gadget Emporium.
 31356 | D:14     | Noticed Frances
 31359 | D:14     | Killed from afar by Frances

Skill      XL: |  1  2  3  4  5  6  7  8  9 10 11 12 13 14 |
---------------+-------------------------------------------+-----
Conjurations   | 2 3 4 5 7 9 11 12 | 12.0
Spellcasting   | 4 5 6 7 9 11 12 13 | 13.1
Fire Magic     | 4 5 6 8 9 11 13 15 16 | 16.0
Fighting       | 4 7 9 10 | 10.0
Ice Magic      | 8 |  8.0
Invocations    | 6 |  6.3
Dodging        | 7 |  7.4
Shields        | 3 |  3.5
Stealth        | |  2.4

Action                   |  1- 3 |  4- 6 |  7- 9 | 10-12 | 13-15 || total
-------------------------+-------+-------+-------+-------+-------++-------
Melee: Unarmed           |       |     6 |     3 |       |       ||     9
       Scimitar          |       |       |    46 |       |       ||    46
       Flail             |       |       |    23 |       |       ||    23
       Long sword        |       |       |    16 |    39 |       ||    55
       Staff             |       |       |       |    66 |       ||    66
       Whip              |       |       |       |     6 |   114 ||   120
 Fire: Shortbow          |       |       |    25 |       |       ||    25
 Cast: Flame Tongue      |    53 |    84 |   190 |   164 |       ||   491
       Throw Flame       |     1 |    40 |     4 |       |       ||    45
       Conjure Flame     |       |     3 |     6 |     4 |     2 ||    15
       Sticky Flame      |       |     1 |    26 |    56 |    67 ||   150
       Fireball          |       |       |    24 |   223 |   249 ||   496
       Call Imp          |       |       |     6 |    20 |       ||    26
       Blink             |       |       |     2 |     6 |     5 ||    13
       Mephitic Cloud    |       |       |       |     1 |       ||     1
       Bolt of Cold      |       |       |       |       |    11 ||    11
       Ignition          |       |       |       |       |     2 ||     2
Invok: Divine Energy     |       |     1 |       |       |       ||     1
Evoke: Wand              |       |       |     2 |     8 |     4 ||    14
  Use: Scroll            |       |       |    16 |     7 |     9 ||    32
 Stab: Sleeping          |       |       |       |     1 |       ||     1
       Distracted        |       |       |       |     2 |     1 ||     3
  Eat: Chunk             |     1 |     8 |    16 |    42 |    36 ||   103
       Ration            |       |       |     2 |     7 |     9 ||    18
Armor: Robe              |     3 |     3 |       |       |       ||     6
       Leather armour    |       |       |    45 |    62 |       ||   107
       Steam dragon scal |       |       |       |     5 |    88 ||    93
Dodge: Dodged            |     7 |    23 |   115 |   149 |   171 ||   465
       Rpst.: Scimitar   |       |       |    18 |       |       ||    18
       Long sword        |       |       |     3 |    17 |       ||    20
